 Dungeon Crawl Stone Soup version 0.31-a0-1028-g8808d95 (webtiles) character file.

Game seed: 5561606496721216485

4842 PurpleRed the Cleaver (level 10, -5/63 HPs)
             Began as a Deep Elf Fighter on Nov 18, 2023.
             Was a Priest of Cheibriados.
             Slain by a vampire
             ... wielding a +0 vampiric halberd
              (8 damage)
             ... in a bailey.
             The game lasted 00:21:59 (8677 turns).

PurpleRed the Cleaver (Deep Elf Fighter)            Turns: 8677, Time: 00:22:00

Health: -5/63      AC: 18    Str: 25    XL:     10   Next: 25%
Magic:  13/13      EV: 10    Int: 22    God:    Cheibriados [***...]
Gold:   392        SH:  5    Dex: 22    Spells: 9/9 levels left

rFire   . . .        G - +5 battleaxe
rCold   . . .        (shield currently unavailable)
rNeg    . . .        z - +0 plate armour
rPois   .            h - +2 helmet
rElec   .            t - scarf {repulsion}
rCorr   .            (no gloves)
SInv    .            k - +2 pair of boots
Will    +....        A - amulet of reflection Stlth
                     (no ring)
HPRegen 0.30/turn    (no ring)
MPRegen 0.13/turn

%: repel missiles, reflection
@: very slow
A: no striking features
a: Renounce Religion, Bend Time, Temporal Distortion


You were in a bailey.
You worshipped Cheibriados.
Cheibriados was most pleased with you.
You visited 2 branches of the dungeon, and saw 9 of its levels.
You also visited: Bailey.

You collected 392 gold pieces.

Inventory:

Hand Weapons
 a - a +1 war axe
 d - a +0 battleaxe
 l - a +1 hand axe of venom
 B - a +0 hand axe of flaming
 G - a +5 battleaxe (weapon)
Missiles
 f - 10 poisoned darts (quivered)
Armour
 b - a +0 scale mail
 c - a +0 buckler
 h - a +2 helmet (worn)
 k - a +2 pair of boots (worn)
 o - a +0 chain mail
 p - a scarf of harm
 t - a scarf of repulsion (worn)
 z - a +0 plate armour (worn)
 J - +2 ice dragon scales
Magical Staves
 D - a staff of air
 H - a staff of earth
Jewellery
 u - a ring of fire
 A - an amulet of reflection (around neck)
Talismans
 q - a dragon-blood talisman
Wands
 v - a wand of polymorph (3)
 w - a wand of acid (6)
 x - a wand of iceblast (8)
 y - a wand of digging (5)
Scrolls
 g - a scroll of teleportation
 F - a scroll of identify
 I - a scroll of revelation {unknown}
Potions
 i - a potion of cancellation
 j - a potion of resistance
 m - a potion of lignification
 n - 2 potions of mutation
 E - a potion of magic


   Skills:
 + Level 7.0 Fighting
 * Level 9.4 Axes
 - Level 4.0 Armour
 - Level 6.0 Dodging
 - Level 2.4 Shields
 + Level 2.1 Invocations


You had 9 spell levels left.
You didn't know any spells.
Your spell library contained the following spells:

 Spells                   Type           Power      Damage    Failure   Level
 Ensorcelled Hibernation  Hex/Ice        0%         N/A       98%         2
 Jinxbite                 Hex            0%         N/A       98%         2
 Sublimation of Blood     Necr           0%         N/A       98%         2
 Tukima's Dance           Hex            0%         N/A       100%        3
 Anguish                  Hex/Necr       0%         N/A       100%        4
 Dimensional Bullseye     Hex/Tloc       0%         N/A       100%        4
 Iskenderun's Mystic Bla  Conj/Tloc      0%         2d3       100%        4
 Petrify                  Tmut/Erth      0%         N/A       100%        4
 Irradiate                Conj/Tmut      0%         3d11      100%        5


Dungeon Overview and Level Annotations

Branches:
Dungeon (8/15)             Temple (1/1) D:5          Bailey (1/1)
   Lair: D:8-11

Altars:
Ashenzari
Cheibriados
Dithmenos
Elyvilon
Fedhas
Gozag
Hepliaklqana
Kikubaaqudgha
Makhleb
Nemelex Xobeh
Okawaru
Qazlal
Ru
Sif Muna
Trog
Uskayaw
Vehumet
Wu Jian
Xom
Yredelemnul
Zin
The Shining One

Annotations:
D:6 1 runed translucent door, Coin's ghost, novice DrFi


Message History

You hit something but do no damage. Something hits you but does no damage.
Something bites you!
* * * LOW HITPOINT WARNING * * *
Something draws strength from your injuries!
You barely miss something.
You hear some strange, mumbled words.
You are confused.
Something hits you but does no damage. Something bites you but does no damage.
You barely miss something. Something draws life force from you!
* * * LOW HITPOINT WARNING * * *
You feel much better.
Your transformation is almost over.
Something hits you.
* * * LOW HITPOINT WARNING * * *
Something bites you.
* * * LOW HITPOINT WARNING * * *
Something draws strength from your injuries!
You are too confused!
Your roots keep you in place.
Something hits you!
* * * LOW HITPOINT WARNING * * *
Something bites you.
* * * LOW HITPOINT WARNING * * *
Something draws strength from your injuries!
Okay, then.
Unknown command.
Unknown command.
You are too confused!
You fade into invisibility!
Something hits you but does no damage. Something bites you but does no damage.
Your magical effects are unravelling.
You feel magically purged.
You feel less wooden.
Your scarf of repulsion unmelds from your body.
Your +2 helmet unmelds from your body.
Your +2 pair of boots unmelds from your body.
Your +0 plate armour unmelds from your body.
You are surrounded by a repulsion field.
You flicker back into view.
You feel less confused.
Your enlightenment fades.
Something hits you!
You die...

.♣♣........#....##..#
.......♣..##...##...#
..♣........##......8#
....♣.......##....######
...♣.....♣...#...##....#
.........♣...#..##.....
....♣.....♣..#..#...#
.............#..{..#
..#'##.......#..@..#
..#..#####..8#..#...#
###..'...#####8.##.....[
####...# #### #...8#
#÷÷.# ##### #####


There were no monsters in sight!

Vanquished Creatures
  A gargoyle (Bailey)
  Grinder (D:4)
  6 yaks (D:8)
  A water moccasin (D:7)
  Duvessa (D:6)
  A sky beast (D:6)
  3 ice beasts
  4 orc warriors
  An ogre (D:6)
  2 phantoms (D:6)
  3 bullfrogs (D:7)
  A gnoll sergeant (D:7)
  5 scorpions
  4 wights
  Dowan (D:6)
  3 killer bees (D:6)
  8 vampire bats (Bailey)
  5 wolf zombies (Bailey)
  2 howler monkeys (D:5)
  2 hounds (D:6)
  4 orc priests
  A sleepcap (D:6)
  6 iguanas
  2 orc wizards
  Robin (D:4)
  4 gnolls (D:7)
  8 adders
  A shadow imp (D:6)
  3 white imps (D:6)
  2 ufetubi (D:5)
  2 worms (D:3)
  A dart slug (D:1)
  30 orcs
  6 ball pythons
  4 bats
  8 endoplasms
  2 giant cockroaches
  14 goblins
  12 hobgoblins
  A jackal (D:3)
  7 quokkas
  4 frilled lizards
  6 kobolds
  25 orc zombies (Bailey)
  4 rats
213 creatures vanquished.

Notes
Turn   | Place    | Note
-------+----------+-------------------------------------------
     0 | D:1      | PurpleRed the Deep Elf Fighter began the quest for the Orb.
     0 | D:1      | Reached XP level 1. HP: 13/13 MP: 3/3
   142 | D:1      | Reached skill level 2 in Axes
   222 | D:1      | Reached XP level 2. HP: 18/18 MP: 4/4
   985 | D:2      | Identified the +1 robe of Summertime {Harm rElec rF-}
  1133 | D:2      | Reached XP level 3. HP: 9/22 MP: 5/5
  1853 | D:3      | Found a faded altar of an unknown god.
  1853 | D:3      | Noticed a glass eye
  1856 | D:3      | Noticed a shining eye
  1856 | D:3      | Noticed a great orb of eyes
  1856 | D:3      | Noticed a shining eye
  1889 | D:3      | Reached skill level 1 in Dodging
  2288 | D:3      | Reached XP level 4. HP: 28/28 MP: 6/6
  2426 | D:3      | Found a white marble altar of Elyvilon.
  2828 | D:4      | Reached skill level 3 in Axes
  2895 | D:4      | Noticed an orc warrior
  3060 | D:4      | Noticed Robin
  3077 | D:4      | Killed Robin
  3081 | D:4      | Killed an orc warrior
  3082 | D:4      | Reached XP level 5. HP: 8/32 MP: 7/7
  3482 | D:4      | Noticed Grinder
  3497 | D:4      | Killed Grinder
  3498 | D:4      | Reached skill level 4 in Axes
  3498 | D:4      | Reached XP level 6. HP: 14/38 MP: 8/8
  3743 | D:5      | Entered Level 5 of the Dungeon
  4285 | D:5      | Reached XP level 7. HP: 39/43 MP: 9/9
  4453 | D:5      | Reached skill level 5 in Axes
  5336 | D:5      | Found a staircase to the Ecumenical Temple.
  5345 | Temple   | Entered the Ecumenical Temple
  5353 | Temple   | Became a worshipper of Cheibriados the Contemplative
  5621 | D:6      | Reached XP level 8. HP: 29/48 MP: 10/10
  5696 | D:6      | Noticed Duvessa
  5696 | D:6      | Noticed Dowan
  5720 | D:6      | Killed Dowan
  5721 | D:6      | Killed Duvessa
  5722 | D:6      | Reached skill level 6 in Axes
  5961 | D:6      | Reached skill level 5 in Fighting
  6180 | D:6      | Reached * piety under Cheibriados
  6181 | D:6      | Reached skill level 7 in Axes
  6570 | D:6      | Reached XP level 9. HP: 55/55 MP: 11/11
  6670 | D:6      | Found a runed translucent door.
  6675 | D:6      | Noticed Coin's ghost (novice DrFi)
  7321 | D:7      | Reached skill level 8 in Axes
  7321 | D:7      | Found a radiant altar of Vehumet.
  7335 | D:7      | Reached ** piety under Cheibriados
  7541 | D:7      | Found a glowing silver altar of Zin.
  7542 | D:7      | Found an iron altar of Okawaru.
  7543 | D:7      | Found a sparkling altar of Nemelex Xobeh.
  7543 | D:7      | Found a shimmering altar of Xom.
  7602 | D:7      | Reached skill level 5 in Dodging
  7638 | D:7      | Found a basalt altar of Yredelemnul.
  8072 | D:8      | Found a flagged portal.
  8092 | D:8      | Reached skill level 9 in Axes
  8096 | D:8      | Reached XP level 10. HP: 11/61 MP: 12/12
  8240 | Bailey   | Entered a bailey
  8346 | Bailey   | Reached *** piety under Cheibriados
  8480 | Bailey   | Reached skill level 1 in Invocations
  8535 | Bailey   | Noticed a gargoyle
  8539 | Bailey   | Killed a gargoyle
  8673 | Bailey   | HP: 2/94 [something (15)]
  8677 | Bailey   | Slain by a vampire

Illustrated notes

Levels and vault maps discovered:
D:1:      grunt_arrival_crossed_arrows, layout_loops_corners,
          chequers_serial_rivers_marsh
D:2:      layout_basic, kennysheep_crisscross
D:3:      minmay_recursive_quarters, layout_loops_corners,
          mainiacjoe_overflow_alcove_4, hellmonk_ecumenical_altar_watching_god
D:4:      layout_basic, nicolae_the_louvre, uniq_robin, uniq_grinder
D:5:      layout_basic, minmay_temple_entry_glass
D:6:      kb_forest_paths, layout_basic, ebering_ghost_sewer_d,
          hex_intersection, minmay_misc_feat_chi, minmay_misc_feat_cross,
          uniq_duvessa
D:7:      layout_basic, nicolae_overflow_hidden_temple,
          nicolae_vehumet_radiance, mainiacjoe_overflow_alcove_3
D:8:      layout_gridville, enter_bailey_5
Temple:   nicolae_temple_no_exploring_needed
Bailey:   bailey_polearm_vampire_castle_hellmonk, bailey

Skill      XL: |  1  2  3  4  5  6  7  8  9 10 |
---------------+-------------------------------+-----
Axes           | 2 3 4 5 7 9 |  9.4
Dodging        | 1 2 3 6 |  6.0
Fighting       | 3 4 5 6 7 |  7.0
Armour         | 3 4 |  4.0
Invocations    | 2 |  2.1
Shields        | |  2.4

Action                     |  1- 3 |  4- 6 |  7- 9 | 10-12 || total
---------------------------+-------+-------+-------+-------++-------
  Melee: War axe           |   138 |   103 |    17 |       ||   258
         Hand axe          |       |     3 |   247 |       ||   250
         Battleaxe         |       |       |    72 |    95 ||   167
  Throw: Dart              |     2 |     2 |       |       ||     4
 Invoke: Bend Time         |       |       |     1 |       ||     1
  Evoke: Wand              |       |       |     2 |     2 ||     4
    Use: Scroll            |     9 |     3 |     4 |       ||    16
         Potion            |       |     3 |     1 |     6 ||    10
 Armour: Scale mail        |    86 |     3 |       |       ||    89
         Chain mail        |       |    50 |    35 |       ||    85
         Skin              |       |    26 |       |    18 ||    44
         Plate armour      |       |       |   256 |   116 ||   372
  Dodge: Dodged            |    64 |    28 |    89 |    55 ||   236
         Repelled          |       |       |     3 |       ||     3
  Block: Buckler           |    40 |    14 |    45 |       ||    99
         Other             |       |       |       |     2 ||     2

Table legend: (Time is in decaauts)
 A = Elapsed time spent in this place.
 B = Non-inter-level travel time spent in this place.
 C = Inter-level travel time spent in this place.
 D = Time resting spent in this place.
 E = Time spent auto-exploring this place.
 F = Levels seen in this place.
 G = Mean time per level.
                   A        B        C        D        E       F      G
               +--------+--------+--------+--------+--------+-----+--------+
         Total |   9650 |   9153 |    497 |   1020 |   5923 |  10 |  965.0 |
       Dungeon |   9078 |   8590 |    488 |    856 |   5885 |   8 | 1134.8 |
        Temple |     18 |      9 |      9 |      0 |      0 |   1 |   18.0 |
        Bailey |    553 |    553 |      0 |    164 |     37 |   1 |  553.0 |
               +--------+--------+--------+--------+--------+-----+--------+

Top non-repeatable levels by time:
     D:6: 2002 daAuts
     D:5: 1668 daAuts
     D:7: 1124 daAuts
     D:4: 1094 daAuts
     D:3: 1082 daAuts
     D:2: 968 daAuts
     D:1: 903 daAuts
  Bailey: 553 daAuts
     D:8: 235 daAuts
  Temple: 18 daAuts
